Staline vs Influenza
(R1)
Created - 11 décembre 2012 at 19:04
Goals
|
| Staline |
2 |
2 |
2 |
6 |
| Influenza |
1 |
0 |
2 |
3 |
|
Shots
|
| Staline |
16 |
8 |
13 |
37 |
| Influenza |
10 |
9 |
7 |
26 |
|
1st period
1. Staline , Josh Green 5 (Matt Carle, Cam Janssen) at 8:08
2. Influenza , Tim Gleason 1 (Blake Comeau, Jamie McBain) at 16:26
3. Staline , J.T. Wyman 2 (Matt Carle, Brandon Prust) at 19:00
Penalties :
Greg Zanon (StJ) for Holding (Minor) at 9:28, Tim Gleason (VJB) for Interference (Minor) at 13:59
2nd period
4. Staline , Robert Dome 1 (Matt Carle) at 11:41
5. Staline , Alexandre Daigle 5 (Chris Dingman, Matt Carle) at 14:56
Penalties :
Robbie Earl (VJB) for Roughing (Minor) at 5:49, Chris Dingman (StJ) for Hooking (Minor) at 16:55
3rd period
6. Staline , Robert Dome 2 (Greg Zanon, Yan Stastny) at 1:39 (PP)
7. Influenza , Ryan Carter 8 (Justin Abdelkader, Blake Comeau) at 1:51
8. Influenza , Rob Schremp 2 (Jaime Sifers) at 4:18 (SH)
9. Staline , Sheldon Souray 2 (Alexandre Daigle, Jamie Lundmark) at 13:54 (PP)
Penalties :
Ryan Carter (VJB) for Tripping (Minor) at 0:09, Robbie Earl (VJB) for Hooking (Minor) at 4:08, Rob Schremp (VJB) for Slashing (Minor) at 13:28, Cam Janssen (StJ) for Hooking (Minor) at 18:01
Goalie Stats
Erik Ersberg (StJ), 23 saves from 26 shots - (0,885), W, 5-4-2, 60:00 minutes
Brent Krahn (VJB), 31 saves from 37 shots - (0,838), L, 4-3-2, 60:00 minutes
Players Stats for Staline
Player Name G A P +/- PIM S H SB GA TA FO MP PP MP PK MP
------------------------------------------------------------------------------------
Alexandre Daigle 1 1 2 -1 0 1 1 0 0 0 1/2 21:13 4:17 0:32
Brandon Prust 0 1 1 1 0 0 0 0 0 0 0/1 10:59 0:22 2:24
Cam Janssen 0 1 1 0 2 2 0 0 0 0 0/2 10:39 0:00 1:25
Chris Dingman 0 1 1 1 2 3 1 1 2 0 1/2 14:04 1:57 1:07
Devin Setoguchi 0 0 0 1 0 2 2 1 0 0 0/0 16:33 3:36 0:00
Greg Zanon 0 1 1 2 2 2 0 0 1 0 0/0 19:26 3:42 1:26
J.T. Wyman 1 0 1 1 0 1 0 0 0 0 0/0 7:28 0:00 0:00
Jamie Lundmark 0 1 1 -1 0 2 0 3 0 1 19/39 24:16 4:17 3:28
Josh Green 1 0 1 -2 0 4 1 0 0 0 1/2 17:36 1:58 1:22
Mark Stuart 0 0 0 -1 0 1 1 2 1 0 0/0 29:48 4:11 3:52
Matt Carle 0 4 4 2 0 8 3 4 2 0 0/0 20:07 3:42 2:13
Maxime Fortunus 0 0 0 0 0 0 0 0 0 0 0/0 11:03 0:00 0:42
Nathan Smith 0 0 0 0 0 1 1 0 0 0 2/6 9:57 0:00 0:58
Robert Dome 2 0 2 1 0 8 1 0 2 0 1/2 16:37 3:36 0:04
Sheldon Souray 1 0 1 -1 0 2 0 1 2 0 0/0 29:28 4:11 3:39
T.J. Fast 0 0 0 0 0 0 0 1 0 0 0/0 10:14 0:00 0:00
Tomas Kana 0 0 0 1 0 0 0 0 0 0 2/2 7:28 0:00 0:00
Yan Stastny 0 1 1 1 0 0 3 1 1 0 4/9 17:05 3:36 0:32
Players Stats for Influenza
Player Name G A P +/- PIM S H SB GA TA FO MP PP MP PK MP
------------------------------------------------------------------------------------
Alexander Sulzer 0 0 0 0 0 1 0 1 0 1 0/0 22:29 2:21 3:28
Blake Comeau 0 2 2 1 0 1 0 2 0 0 0/3 21:16 3:09 1:42
Brian Salcido 0 0 0 -1 0 0 0 1 0 0 0/0 11:15 0:00 0:37
Carl Gunnarsson 0 0 0 -2 0 0 0 0 0 1 0/0 10:29 0:00 0:00
Cody McCormick 0 0 0 0 0 2 0 0 0 0 2/4 11:11 0:00 2:07
Colton Orr 0 0 0 -1 0 1 0 0 0 0 0/0 11:16 0:01 1:42
Jaime Sifers 0 1 1 0 0 3 1 2 1 1 0/0 27:44 3:35 5:08
Jamie McBain 0 1 1 1 0 3 1 1 0 0 0/0 21:47 2:21 2:45
Juraj Mikus 0 0 0 -2 0 0 0 0 0 0 4/7 9:00 0:00 0:23
Justin Abdelkader 0 1 1 0 0 2 0 1 0 0 2/2 20:15 3:07 1:39
Martins Karsums 0 0 0 -1 0 3 1 1 0 2 1/1 14:51 2:46 0:00
Pierre-Cédric Labrie 0 0 0 -2 0 0 0 1 0 0 0/0 8:37 0:00 0:00
Rob Schremp 1 0 1 0 2 3 2 1 0 1 11/22 19:30 3:09 4:24
Robbie Earl 0 0 0 -1 4 3 1 0 0 0 1/1 15:22 2:46 0:00
Ryan Carter 1 0 1 1 2 1 2 0 0 2 15/27 22:15 2:46 3:49
Ryan Russell 0 0 0 0 0 0 1 0 0 0 0/0 8:59 0:00 0:00
Ryan Vesce 0 0 0 0 0 2 1 1 0 0 0/0 9:03 0:04 0:00
Tim Gleason 1 0 1 1 2 1 2 0 0 3 0/0 26:43 3:35 3:48
3 Stars
1 - Matt Carle (StJ)
2 - Robert Dome (StJ)
3 - Alexandre Daigle (StJ)
Power Play
Staline - 2 on 5 Attempt(s) - 40,00%
Influenza - 0 on 3 Attempt(s) - 0,00%
Penalty Kill
Staline - 3 on 3 Attempt(s) - 100,00%
- Score 0 goal in Penalty Kill
Influenza - 3 on 5 Attempt(s) - 60,00%
- Score 1 goal in Penalty Kill
Official
Referees : StPierre Justin and L'Ecuyer Frederick
Linesman : Don Henderson and Jonny Murray
Game Notes
Chris Dingman is injured at 19:10 of 2nd period (Torn Left ACL)
Staline
5 vs 5 Forward
Center Left Wing Right Wing Time % Phy DF OF
1 Jamie Lundmark Chris Dingman Alexandre Daigle 40 1 2 2
2 Yan Stastny Robert Dome Devin Setoguchi 30 1 2 2
3 Nathan Smith Josh Green Cam Janssen 20 1 2 2
4 Tomas Kana Brandon Prust J.T. Wyman 10 1 2 2
5 vs 5 Defense
Defense Defense Time % Phy DF OF
1 Mark Stuart Sheldon Souray 40 1 2 2
2 Greg Zanon Matt Carle 30 1 2 2
3 T.J. Fast Maxime Fortunus 20 1 2 2
4 Mark Stuart Sheldon Souray 10 1 2 2
PowerPlay Forward
Center Left Wing Right Wing Time % Phy DF OF
1 Jamie Lundmark Chris Dingman Alexandre Daigle 60 1 2 2
2 Yan Stastny Robert Dome Devin Setoguchi 40 1 2 2
PowerPlay Defense
Defense Defense Time % Phy DF OF
1 Mark Stuart Sheldon Souray 60 1 2 2
2 Greg Zanon Matt Carle 40 1 2 2
Penalty Kill 4 Players Forward
Center Wing Time % Phy DF OF
1 Jamie Lundmark Chris Dingman 60 1 2 2
2 Alexandre Daigle Yan Stastny 40 1 2 2
Penalty Kill 4 Players Defense
Defense Defense Time % Phy DF OF
1 Mark Stuart Sheldon Souray 60 1 2 2
2 Greg Zanon Matt Carle 40 1 2 2
Penalty Kill - 3 Players Forward
Forward Time % Phy DF OF
1 Jamie Lundmark 60 1 2 2
2 Chris Dingman 40 1 2 2
Penalty Kill - 3 Players Defense
Defense Defense Time % Phy DF OF
1 Mark Stuart Sheldon Souray 60 1 2 2
2 Greg Zanon Matt Carle 40 1 2 2
4 vs 4 Forward
Center Wing Time % Phy DF OF
1 Jamie Lundmark Chris Dingman 60 1 2 2
2 Alexandre Daigle Yan Stastny 40 1 2 2
4 vs 4 Defense
Defense Defense Time % Phy DF OF
1 Mark Stuart Sheldon Souray 60 1 2 2
2 Greg Zanon Matt Carle 40 1 2 2
Last Minutes Offensive
Center Left Wing Right Wing Defense Defense
Jamie Lundmark Chris Dingman Alexandre Daigle Mark Stuart Sheldon Souray
Last Minutes Defensive
Center Left Wing Right Wing Defense Defense
Jamie Lundmark Chris Dingman Alexandre Daigle Mark Stuart Sheldon Souray
Goaltenders
Starting : Erik Ersberg
Backup : Tobias Stephan
Extra Forwards
Normal : Josh Green, Brandon Prust, Cam Janssen - PP : Josh Green, Brandon Prust - PK : Cam Janssen
Extra Defensemen
Normal : T.J. Fast, Maxime Fortunus, Greg Zanon - PP : T.J. Fast - PK : Maxime Fortunus, Greg Zanon
Penalty Shots
Jamie Lundmark, Chris Dingman, Alexandre Daigle, Yan Stastny, Robert Dome
Influenza
5 vs 5 Forward
Center Left Wing Right Wing Time % Phy DF OF
1 Ryan Carter Justin Abdelkader Blake Comeau 40 1 2 2
2 Rob Schremp Robbie Earl Martins Karsums 30 1 2 2
3 Cody McCormick Ryan Russell Ryan Vesce 20 1 2 2
4 Juraj Mikus Pierre-Cédric Labrie Colton Orr 10 1 2 2
5 vs 5 Defense
Defense Defense Time % Phy DF OF
1 Tim Gleason Jaime Sifers 40 1 2 2
2 Jamie McBain Alexander Sulzer 30 1 2 2
3 Brian Salcido Carl Gunnarsson 20 1 2 2
4 Tim Gleason Jaime Sifers 10 1 2 2
PowerPlay Forward
Center Left Wing Right Wing Time % Phy DF OF
1 Rob Schremp Justin Abdelkader Blake Comeau 60 1 2 2
2 Ryan Carter Robbie Earl Martins Karsums 40 1 2 2
PowerPlay Defense
Defense Defense Time % Phy DF OF
1 Tim Gleason Jaime Sifers 60 1 2 2
2 Jamie McBain Alexander Sulzer 40 1 2 2
Penalty Kill 4 Players Forward
Center Wing Time % Phy DF OF
1 Rob Schremp Ryan Carter 60 1 2 2
2 Colton Orr Blake Comeau 40 1 2 2
Penalty Kill 4 Players Defense
Defense Defense Time % Phy DF OF
1 Tim Gleason Jaime Sifers 60 1 2 2
2 Jamie McBain Alexander Sulzer 40 1 2 2
Penalty Kill - 3 Players Forward
Forward Time % Phy DF OF
1 Rob Schremp 60 1 2 2
2 Ryan Carter 40 1 2 2
Penalty Kill - 3 Players Defense
Defense Defense Time % Phy DF OF
1 Tim Gleason Jaime Sifers 60 1 2 2
2 Jamie McBain Alexander Sulzer 40 1 2 2
4 vs 4 Forward
Center Wing Time % Phy DF OF
1 Rob Schremp Blake Comeau 60 1 2 2
2 Ryan Carter Justin Abdelkader 40 1 2 2
4 vs 4 Defense
Defense Defense Time % Phy DF OF
1 Tim Gleason Jaime Sifers 60 1 2 2
2 Jamie McBain Alexander Sulzer 40 1 2 2
Last Minutes Offensive
Center Left Wing Right Wing Defense Defense
Rob Schremp Justin Abdelkader Colton Orr Tim Gleason Jaime Sifers
Last Minutes Defensive
Center Left Wing Right Wing Defense Defense
Rob Schremp Justin Abdelkader Colton Orr Tim Gleason Jaime Sifers
Goaltenders
Starting : Brent Krahn
Backup : Alex Stalock
Extra Forwards
Normal : Martins Karsums, Ryan Vesce, Cody McCormick - PP : Martins Karsums, Ryan Vesce - PK : Cody McCormick
Extra Defensemen
Normal : Brian Salcido, Alexander Sulzer, Jamie McBain - PP : Brian Salcido - PK : Alexander Sulzer, Jamie McBain
Penalty Shots
Rob Schremp, Ryan Carter, Colton Orr, Blake Comeau, Justin Abdelkader
% Time on Ice - Staline
Lines # - Real PCT - Wanted PCT - Time Play
Normal Forward
1 - 36% - 40% - 16:47
2 - 28% - 30% - 12:57
3 - 19% - 20% - 8:59
4 - 16% - 10% - 7:28
Normal Defense
1 - 42% - 40% - 19:24
2 - 31% - 30% - 14:19
3 - 22% - 20% - 10:14
4 - 5% - 10% - 2:14
PP Forward
1 - 54% - 60% - 4:17
2 - 46% - 40% - 3:36
PP Defense
1 - 53% - 60% - 4:11
2 - 47% - 40% - 3:42
PK Forward
1 - 91% - 60% - 5:24
2 - 9% - 40% - 0:32
PK Defense
1 - 62% - 60% - 3:39
2 - 38% - 40% - 2:17
PK3 Forward
1 - 0% - 60%
2 - 0% - 40%
PK3 Defense
1 - 0% - 60%
2 - 0% - 40%
44 Forward
1 - 0% - 60%
2 - 0% - 40%
44 Defense
1 - 0% - 60%
2 - 0% - 40%
Last Minute Offensive - 0:00
Last Minute Defensive - 0:00
Total
Forward - 60:00
Defense - 60:00
|
% Time on Ice - Influenza
Lines # - Real PCT - Wanted PCT - Time Play
Normal Forward
1 - 34% - 40% - 15:34
2 - 28% - 30% - 13:01
3 - 19% - 20% - 8:59
4 - 19% - 10% - 8:37
Normal Defense
1 - 39% - 40% - 18:08
2 - 36% - 30% - 16:41
3 - 23% - 20% - 10:29
4 - 2% - 10% - 0:53
PP Forward
1 - 53% - 60% - 3:10
2 - 47% - 40% - 2:46
PP Defense
1 - 60% - 60% - 3:35
2 - 40% - 40% - 2:21
PK Forward
1 - 78% - 60% - 6:11
2 - 22% - 40% - 1:42
PK Defense
1 - 65% - 60% - 5:08
2 - 35% - 40% - 2:45
PK3 Forward
1 - 0% - 60%
2 - 0% - 40%
PK3 Defense
1 - 0% - 60%
2 - 0% - 40%
44 Forward
1 - 0% - 60%
2 - 0% - 40%
44 Defense
1 - 0% - 60%
2 - 0% - 40%
Last Minute Offensive - 0:00
Last Minute Defensive - 0:00
Total
Forward - 60:00
Defense - 60:00
|
Play by Play
1st period
0:01 of 1st period - Ryan Carter wins face-off versus Jamie Lundmark in neutral zone.
0:39 of 1st period - Slapshot by Tim Gleason.
0:39 of 1st period - Deflect By Cody McCormick.
0:39 of 1st period - Stopped by Erik Ersberg with a rebound.
0:59 of 1st period - Slapshot by Robert Dome.
0:59 of 1st period - Stopped by Brent Krahn without a rebound.
1:00 of 1st period - Nathan Smith wins face-off versus Juraj Mikus in Influenza zone.
1:03 of 1st period - Snap shot by Cam Janssen.
1:03 of 1st period - Stopped by Brent Krahn with a rebound.
2:33 of 1st period - Slapshot by Nathan Smith.
2:33 of 1st period - Deflect By Josh Green.
2:33 of 1st period - Stopped by Brent Krahn with a rebound.
2:35 of 1st period - Wrist shot by Josh Green.
2:35 of 1st period - Shot Misses the Net.
2:37 of 1st period - Wrist shot by Nathan Smith.
2:37 of 1st period - Stopped by Brent Krahn without a rebound.
2:38 of 1st period - Ryan Carter wins face-off versus Jamie Lundmark in Influenza zone.
3:05 of 1st period - Maxime Fortunus is hit by Martins Karsums and loses puck.
3:14 of 1st period - Wrist shot by Martins Karsums.
3:14 of 1st period - Stopped by Erik Ersberg without a rebound.
3:15 of 1st period - Juraj Mikus wins face-off versus Jamie Lundmark in Staline zone.
3:30 of 1st period - Slapshot by Juraj Mikus.
3:30 of 1st period - Shot Misses the Net.
3:40 of 1st period - Jamie Lundmark is hit by Ryan Russell and loses puck.
4:17 of 1st period - Snap shot by Cody McCormick.
4:17 of 1st period - Stopped by Erik Ersberg with a rebound.
4:45 of 1st period - Slapshot by Chris Dingman.
4:45 of 1st period - Stopped by Brent Krahn with a rebound.
4:51 of 1st period - Maxime Fortunus is hit by Ryan Vesce.
5:29 of 1st period - Wrist shot by Ryan Vesce.
5:29 of 1st period - Stopped by Erik Ersberg without a rebound.
5:30 of 1st period - Yan Stastny wins face-off versus Ryan Carter in Staline zone.
5:37 of 1st period - Slapshot by Jamie McBain.
5:37 of 1st period - Stopped by Erik Ersberg without a rebound.
5:38 of 1st period - Ryan Carter wins face-off versus Yan Stastny in Staline zone.
5:53 of 1st period - Alexander Sulzer is hit by Yan Stastny and loses puck.
7:18 of 1st period - Slapshot by Justin Abdelkader.
7:18 of 1st period - Stopped by Erik Ersberg without a rebound.
7:19 of 1st period - Nathan Smith wins face-off versus Rob Schremp in Staline zone.
7:19 of 1st period - Nathan Smith is hit by Robbie Earl.
7:32 of 1st period - Icing by Cam Janssen.
7:33 of 1st period - Josh Green wins face-off versus Rob Schremp in Staline zone.
8:00 of 1st period - Wrist shot by Josh Green.
8:00 of 1st period - Shot Misses the Net.
8:08 of 1st period - Snap shot by Josh Green.
8:08 of 1st period - Goal by Josh Green - Staline : 1 - Influenza : 0.
8:09 of 1st period - Rob Schremp wins face-off versus Brandon Prust in neutral zone.
8:20 of 1st period - Snap shot by Robbie Earl.
8:20 of 1st period - Stopped by Erik Ersberg without a rebound.
8:21 of 1st period - Rob Schremp wins face-off versus Nathan Smith in Staline zone.
8:55 of 1st period - Wrist shot by Chris Dingman.
8:55 of 1st period - Shot Misses the Net.
9:11 of 1st period - Wrist shot by Robert Dome.
9:11 of 1st period - Shot Misses the Net.
9:13 of 1st period - Backhand shot by Greg Zanon.
9:13 of 1st period - Stopped by Brent Krahn with a rebound.
9:15 of 1st period - Slapshot by Robert Dome.
9:15 of 1st period - Stopped by Brent Krahn with a rebound.
9:17 of 1st period - Snap shot by Devin Setoguchi.
9:17 of 1st period - Stopped by Brent Krahn without a rebound.
9:18 of 1st period - Rob Schremp wins face-off versus Nathan Smith in Influenza zone.
9:28 of 1st period - Minor Penalty to Greg Zanon for Holding.
9:29 of 1st period - Jamie Lundmark wins face-off versus Rob Schremp in Staline zone.
9:51 of 1st period - Icing by Jaime Sifers.
9:52 of 1st period - Jamie Lundmark wins face-off versus Ryan Carter in Influenza zone.
10:07 of 1st period - Snap shot by Martins Karsums.
10:07 of 1st period - Stopped by Erik Ersberg with a rebound.
11:04 of 1st period - Matt Carle is hit by Rob Schremp and loses puck.
11:28 of 1st period - Penalty to Greg Zanon is over, Greg Zanon is back on ice.
11:34 of 1st period - Snap shot by Chris Dingman.
11:34 of 1st period - Stopped by Brent Krahn without a rebound.
11:35 of 1st period - Yan Stastny wins face-off versus Juraj Mikus in Influenza zone.
11:36 of 1st period - Snap shot by Robert Dome.
11:36 of 1st period - Stopped by Brent Krahn without a rebound.
11:37 of 1st period - Yan Stastny wins face-off versus Juraj Mikus in Influenza zone.
13:59 of 1st period - Minor Penalty to Tim Gleason for Interference.
14:00 of 1st period - Jamie Lundmark wins face-off versus Rob Schremp in Influenza zone.
15:11 of 1st period - Slapshot by Matt Carle.
15:11 of 1st period - Shot Blocked by Jaime Sifers.
15:13 of 1st period - Wrist shot by Matt Carle.
15:13 of 1st period - Deflect By Devin Setoguchi.
15:13 of 1st period - Stopped by Brent Krahn with a rebound.
15:21 of 1st period - Snap shot by Devin Setoguchi.
15:21 of 1st period - Shot Blocked by Justin Abdelkader.
15:23 of 1st period - Snap shot by Greg Zanon.
15:23 of 1st period - Stopped by Brent Krahn without a rebound.
15:24 of 1st period - Jamie Lundmark wins face-off versus Rob Schremp in Influenza zone.
15:27 of 1st period - Wrist shot by Chris Dingman.
15:27 of 1st period - Shot Misses the Net.
15:59 of 1st period - Penalty to Tim Gleason is over, Tim Gleason is back on ice.
16:24 of 1st period - Snap shot by Blake Comeau.
16:24 of 1st period - Shot Misses the Net.
16:26 of 1st period - Wrist shot by Tim Gleason.
16:26 of 1st period - Goal by Tim Gleason - Staline : 1 - Influenza : 1.
16:27 of 1st period - Ryan Carter wins face-off versus Jamie Lundmark in neutral zone.
17:00 of 1st period - Snap shot by Justin Abdelkader.
17:00 of 1st period - Stopped by Erik Ersberg with a rebound.
17:25 of 1st period - Wrist shot by Robert Dome.
17:25 of 1st period - Shot Misses the Net.
17:27 of 1st period - Slapshot by Mark Stuart.
17:27 of 1st period - Shot Misses the Net.
17:41 of 1st period - Cody McCormick is hit by Alexandre Daigle and loses puck.
18:03 of 1st period - Off-side.
18:04 of 1st period - Juraj Mikus wins face-off versus Nathan Smith in neutral zone.
18:38 of 1st period - Wrist shot by Robert Dome.
18:38 of 1st period - Stopped by Brent Krahn with a rebound.
18:40 of 1st period - Snap shot by Devin Setoguchi.
18:40 of 1st period - Shot Blocked by Pierre-Cédric Labrie.
19:00 of 1st period - Snap shot by J.T. Wyman.
19:00 of 1st period - Goal by J.T. Wyman - Staline : 2 - Influenza : 1.
19:01 of 1st period - Ryan Carter wins face-off versus Jamie Lundmark in neutral zone.
19:57 of 1st period - Slapshot by Sheldon Souray.
19:57 of 1st period - Deflect By Jamie McBain.
19:57 of 1st period - Stopped by Brent Krahn with a rebound.
2nd period
0:01 of 2nd period - Ryan Carter wins face-off versus Jamie Lundmark in neutral zone.
0:03 of 2nd period - Tim Gleason is hit by Matt Carle and loses puck.
0:15 of 2nd period - Tim Gleason is hit by Matt Carle and loses puck.
0:30 of 2nd period - Snap shot by Blake Comeau.
0:30 of 2nd period - Shot Misses the Net.
0:32 of 2nd period - Snap shot by Rob Schremp.
0:32 of 2nd period - Shot Blocked by Devin Setoguchi.
0:34 of 2nd period - Snap shot by Robbie Earl.
0:34 of 2nd period - Stopped by Erik Ersberg without a rebound.
0:35 of 2nd period - Rob Schremp wins face-off versus Yan Stastny in Staline zone.
0:42 of 2nd period - Robbie Earl is hit by Mark Stuart and loses puck.
0:51 of 2nd period - Slapshot by Devin Setoguchi.
0:51 of 2nd period - Shot Misses the Net.
1:53 of 2nd period - Jaime Sifers is hit by Nathan Smith and loses puck.
2:12 of 2nd period - Slapshot by Matt Carle.
2:12 of 2nd period - Stopped by Brent Krahn with a rebound.
2:32 of 2nd period - Slapshot by Matt Carle.
2:32 of 2nd period - Shot Misses the Net.
2:40 of 2nd period - Matt Carle is hit by Ryan Carter and loses puck.
2:51 of 2nd period - Slapshot by Matt Carle.
2:51 of 2nd period - Stopped by Brent Krahn with a rebound.
2:53 of 2nd period - Slapshot by Matt Carle.
2:53 of 2nd period - Shot Misses the Net.
2:57 of 2nd period - Slapshot by Matt Carle.
2:57 of 2nd period - Shot Blocked by Brian Salcido.
2:59 of 2nd period - Slapshot by Matt Carle.
2:59 of 2nd period - Shot Misses the Net.
3:32 of 2nd period - Backhand shot by Rob Schremp.
3:32 of 2nd period - Deflect By Martins Karsums.
3:32 of 2nd period - Shot Misses the Net.
3:32 of 2nd period - Puck is out of play.
3:33 of 2nd period - Jamie Lundmark wins face-off versus Rob Schremp in Staline zone.
3:49 of 2nd period - Icing by Martins Karsums.
3:50 of 2nd period - Robert Dome wins face-off versus Rob Schremp in Influenza zone.
3:55 of 2nd period - Wrist shot by Robert Dome.
3:55 of 2nd period - Stopped by Brent Krahn without a rebound.
3:56 of 2nd period - Ryan Carter wins face-off versus Yan Stastny in Influenza zone.
5:07 of 2nd period - Slapshot by Jamie McBain.
5:07 of 2nd period - Stopped by Erik Ersberg with a rebound.
5:22 of 2nd period - Icing by J.T. Wyman.
5:23 of 2nd period - Tomas Kana wins face-off versus Ryan Carter in Staline zone.
5:35 of 2nd period - Brian Salcido is hit by Chris Dingman and loses puck.
5:49 of 2nd period - Minor Penalty to Robbie Earl for Roughing.
5:50 of 2nd period - Rob Schremp wins face-off versus Alexandre Daigle in Influenza zone.
5:57 of 2nd period - Snap shot by Rob Schremp.
5:57 of 2nd period - Shot Misses the Net.
7:13 of 2nd period - Icing by Greg Zanon.
7:14 of 2nd period - Yan Stastny wins face-off versus Blake Comeau in Staline zone.
7:49 of 2nd period - Penalty to Robbie Earl is over, Robbie Earl is back on ice.
8:42 of 2nd period - Backhand shot by Jaime Sifers.
8:42 of 2nd period - Deflect By Jamie Lundmark.
8:42 of 2nd period - Stopped by Erik Ersberg with a rebound.
8:44 of 2nd period - Snap shot by Jaime Sifers.
8:44 of 2nd period - Shot Blocked by Jamie Lundmark.
9:33 of 2nd period - Slapshot by Chris Dingman.
9:33 of 2nd period - Shot Blocked by Ryan Vesce.
11:34 of 2nd period - Martins Karsums is hit by Yan Stastny and loses puck.
11:41 of 2nd period - Wrist shot by Robert Dome.
11:41 of 2nd period - Goal by Robert Dome - Staline : 3 - Influenza : 1.
11:42 of 2nd period - Jamie Lundmark wins face-off versus Ryan Carter in neutral zone.
11:47 of 2nd period - Slapshot by Jamie Lundmark.
11:47 of 2nd period - Shot Misses the Net.
11:49 of 2nd period - Wrist shot by Alexandre Daigle.
11:49 of 2nd period - Shot Blocked by Blake Comeau.
11:51 of 2nd period - Snap shot by Chris Dingman.
11:51 of 2nd period - Stopped by Brent Krahn without a rebound.
11:52 of 2nd period - Chris Dingman wins face-off versus Ryan Carter in Influenza zone.
11:58 of 2nd period - Off-side.
11:59 of 2nd period - Jamie Lundmark wins face-off versus Ryan Carter in neutral zone.
12:12 of 2nd period - Snap shot by Blake Comeau.
12:12 of 2nd period - Stopped by Erik Ersberg without a rebound.
12:13 of 2nd period - Justin Abdelkader wins face-off versus Chris Dingman in Staline zone.
12:14 of 2nd period - Snap shot by Blake Comeau.
12:14 of 2nd period - Deflect By Ryan Carter.
12:14 of 2nd period - Shot Blocked by Mark Stuart.
12:14 of 2nd period - Puck is out of play.
12:15 of 2nd period - Jamie Lundmark wins face-off versus Ryan Carter in Staline zone.
12:17 of 2nd period - Icing by Mark Stuart.
12:18 of 2nd period - Jamie Lundmark wins face-off versus Ryan Carter in Staline zone.
12:25 of 2nd period - Chris Dingman is hit by Tim Gleason and loses puck.
12:52 of 2nd period - Backhand shot by Robbie Earl.
12:52 of 2nd period - Deflect By Robert Dome.
12:52 of 2nd period - Shot Misses the Net.
12:52 of 2nd period - Puck is out of play.
12:53 of 2nd period - Ryan Carter wins face-off versus Yan Stastny in Staline zone.
12:54 of 2nd period - Snap shot by Blake Comeau.
12:54 of 2nd period - Shot Misses the Net.
13:07 of 2nd period - Jamie McBain is hit by Yan Stastny and loses puck.
13:43 of 2nd period - Cam Janssen is hit by Jamie McBain.
13:49 of 2nd period - Wrist shot by Cam Janssen.
13:49 of 2nd period - Stopped by Brent Krahn with a rebound.
14:02 of 2nd period - Slapshot by Sheldon Souray.
14:02 of 2nd period - Shot Blocked by Alexander Sulzer.
14:14 of 2nd period - Snap shot by Josh Green.
14:14 of 2nd period - Stopped by Brent Krahn with a rebound.
14:32 of 2nd period - Slapshot by Josh Green.
14:32 of 2nd period - Shot Misses the Net.
14:40 of 2nd period - Slapshot by Colton Orr.
14:40 of 2nd period - Shot Misses the Net.
14:42 of 2nd period - Wrist shot by Colton Orr.
14:42 of 2nd period - Shot Misses the Net.
14:44 of 2nd period - Slapshot by Jamie McBain.
14:44 of 2nd period - Stopped by Erik Ersberg without a rebound.
14:45 of 2nd period - Justin Abdelkader wins face-off versus Jamie Lundmark in Staline zone.
14:56 of 2nd period - Wrist shot by Alexandre Daigle.
14:56 of 2nd period - Goal by Alexandre Daigle - Staline : 4 - Influenza : 1.
14:57 of 2nd period - Alexandre Daigle wins face-off versus Ryan Carter in neutral zone.
16:24 of 2nd period - Wrist shot by Rob Schremp.
16:24 of 2nd period - Stopped by Erik Ersberg with a rebound.
16:26 of 2nd period - Backhand shot by Rob Schremp.
16:26 of 2nd period - Shot Misses the Net.
16:28 of 2nd period - Slapshot by Jaime Sifers.
16:28 of 2nd period - Stopped by Erik Ersberg with a rebound.
16:30 of 2nd period - Wrist shot by Martins Karsums.
16:30 of 2nd period - Deflect By Rob Schremp.
16:30 of 2nd period - Stopped by Erik Ersberg without a rebound.
16:31 of 2nd period - Jamie Lundmark wins face-off versus Rob Schremp in Staline zone.
16:43 of 2nd period - Off-side.
16:44 of 2nd period - Ryan Carter wins face-off versus Jamie Lundmark in neutral zone.
16:53 of 2nd period - Mark Stuart is hit by Ryan Carter and loses puck.
16:55 of 2nd period - Minor Penalty to Chris Dingman for Hooking.
16:56 of 2nd period - Rob Schremp wins face-off versus Jamie Lundmark in Staline zone.
17:33 of 2nd period - Snap shot by Ryan Carter.
17:33 of 2nd period - Deflect By Martins Karsums.
17:33 of 2nd period - Shot Misses the Net.
17:33 of 2nd period - Puck is out of play.
17:34 of 2nd period - Rob Schremp wins face-off versus Jamie Lundmark in Staline zone.
17:41 of 2nd period - Snap shot by Justin Abdelkader.
17:41 of 2nd period - Shot Blocked by Matt Carle.
18:09 of 2nd period - Off-side.
18:10 of 2nd period - Rob Schremp wins face-off versus Cam Janssen in neutral zone.
18:50 of 2nd period - Icing by Alexander Sulzer.
18:51 of 2nd period - Ryan Carter wins face-off versus Cam Janssen in Influenza zone.
18:55 of 2nd period - Penalty to Chris Dingman is over, Chris Dingman is back on ice.
19:10 of 2nd period - Slapshot by Jamie McBain.
19:10 of 2nd period - Shot Blocked by Chris Dingman.
19:10 of 2nd period - Chris Dingman from Staline is injured at 19:10 of 2nd period (Torn Left ACL).
19:11 of 2nd period - Ryan Carter wins face-off versus Jamie Lundmark in Staline zone.
19:26 of 2nd period - Josh Green is hit by Jaime Sifers and loses puck.
19:59 of 2nd period - Snap shot by Colton Orr.
19:59 of 2nd period - Stopped by Erik Ersberg with a rebound.
3rd period
0:01 of 3rd period - Jamie Lundmark wins face-off versus Blake Comeau in neutral zone.
0:09 of 3rd period - Minor Penalty to Ryan Carter for Tripping.
0:10 of 3rd period - Jamie Lundmark wins face-off versus Rob Schremp in Influenza zone.
0:43 of 3rd period - Slapshot by Mark Stuart.
0:43 of 3rd period - Stopped by Brent Krahn with a rebound.
0:45 of 3rd period - Snap shot by Robert Dome.
0:45 of 3rd period - Shot Blocked by Rob Schremp.
1:14 of 3rd period - Icing by Greg Zanon.
1:15 of 3rd period - Juraj Mikus wins face-off versus Robert Dome in Staline zone.
1:37 of 3rd period - Slapshot by Greg Zanon.
1:37 of 3rd period - Shot Blocked by Jamie McBain.
1:39 of 3rd period - Snap shot by Robert Dome.
1:39 of 3rd period - Goal by Robert Dome - Staline : 5 - Influenza : 1.
1:40 of 3rd period - Ryan Carter wins face-off versus Jamie Lundmark in neutral zone.
1:49 of 3rd period - Wrist shot by Justin Abdelkader.
1:49 of 3rd period - Shot Blocked by Jamie Lundmark.
1:51 of 3rd period - Snap shot by Ryan Carter.
1:51 of 3rd period - Goal by Ryan Carter - Staline : 5 - Influenza : 2.
1:52 of 3rd period - Jamie Lundmark wins face-off versus Ryan Carter in neutral zone.
2:01 of 3rd period - Snap shot by Jamie Lundmark.
2:01 of 3rd period - Stopped by Brent Krahn without a rebound.
2:02 of 3rd period - Jamie Lundmark wins face-off versus Blake Comeau in Influenza zone.
2:13 of 3rd period - Slapshot by Jaime Sifers.
2:13 of 3rd period - Stopped by Erik Ersberg without a rebound.
2:14 of 3rd period - Ryan Carter wins face-off versus Jamie Lundmark in Staline zone.
2:21 of 3rd period - Snap shot by Ryan Carter.
2:21 of 3rd period - Shot Blocked by Sheldon Souray.
3:04 of 3rd period - Slapshot by Jamie McBain.
3:04 of 3rd period - Deflect By Ryan Vesce.
3:04 of 3rd period - Stopped by Erik Ersberg with a rebound.
4:08 of 3rd period - Minor Penalty to Robbie Earl for Hooking.
4:09 of 3rd period - Rob Schremp wins face-off versus Jamie Lundmark in Influenza zone.
4:18 of 3rd period - Wrist shot by Rob Schremp.
4:18 of 3rd period - Goal by Rob Schremp - Staline : 5 - Influenza : 3.
4:19 of 3rd period - Rob Schremp wins face-off versus Jamie Lundmark in neutral zone.
4:22 of 3rd period - Slapshot by Tim Gleason.
4:22 of 3rd period - Shot Blocked by Matt Carle.
4:24 of 3rd period - Slapshot by Jaime Sifers.
4:24 of 3rd period - Deflect By Rob Schremp.
4:24 of 3rd period - Shot Blocked by Matt Carle.
4:24 of 3rd period - Puck is out of play.
4:25 of 3rd period - Jamie Lundmark wins face-off versus Rob Schremp in Staline zone.
4:53 of 3rd period - Slapshot by Matt Carle.
4:53 of 3rd period - Stopped by Brent Krahn with a rebound.
6:08 of 3rd period - Penalty to Robbie Earl is over, Robbie Earl is back on ice.
6:19 of 3rd period - Off-side.
6:20 of 3rd period - Tomas Kana wins face-off versus Cody McCormick in neutral zone.
6:23 of 3rd period - Slapshot by Matt Carle.
6:23 of 3rd period - Stopped by Brent Krahn with a rebound.
7:05 of 3rd period - Wrist shot by Colton Orr.
7:05 of 3rd period - Shot Blocked by T.J. Fast.
7:24 of 3rd period - Wrist shot by Ryan Vesce.
7:24 of 3rd period - Shot Blocked by Jamie Lundmark.
7:36 of 3rd period - Rob Schremp is hit by Devin Setoguchi.
7:42 of 3rd period - Snap shot by Robbie Earl.
7:42 of 3rd period - Stopped by Erik Ersberg without a rebound.
7:43 of 3rd period - Ryan Carter wins face-off versus Nathan Smith in Staline zone.
7:44 of 3rd period - Snap shot by Justin Abdelkader.
7:44 of 3rd period - Shot Blocked by Matt Carle.
7:56 of 3rd period - Slapshot by Matt Carle.
7:56 of 3rd period - Stopped by Brent Krahn with a rebound.
8:12 of 3rd period - Snap shot by Matt Carle.
8:12 of 3rd period - Shot Misses the Net.
8:14 of 3rd period - Wrist shot by Alexandre Daigle.
8:14 of 3rd period - Deflect By Jaime Sifers.
8:14 of 3rd period - Shot Misses the Net.
8:14 of 3rd period - Puck is out of play.
8:15 of 3rd period - Martins Karsums wins face-off versus Jamie Lundmark in Influenza zone.
9:25 of 3rd period - Snap shot by Ryan Carter.
9:25 of 3rd period - Shot Hit the Post.
9:42 of 3rd period - Off-side.
9:43 of 3rd period - Cody McCormick wins face-off versus Yan Stastny in neutral zone.
9:46 of 3rd period - Slapshot by Cody McCormick.
9:46 of 3rd period - Shot Misses the Net.
10:39 of 3rd period - Icing by Robbie Earl.
10:40 of 3rd period - Jamie Lundmark wins face-off versus Rob Schremp in Influenza zone.
10:40 of 3rd period - Sheldon Souray is hit by Rob Schremp and loses puck.
10:45 of 3rd period - Slapshot by Jamie Lundmark.
10:45 of 3rd period - Shot Misses the Net.
10:51 of 3rd period - Wrist shot by Jamie Lundmark.
10:51 of 3rd period - Shot Blocked by Martins Karsums.
11:03 of 3rd period - Wrist shot by Yan Stastny.
11:03 of 3rd period - Shot Blocked by Blake Comeau.
11:05 of 3rd period - Slapshot by Matt Carle.
11:05 of 3rd period - Stopped by Brent Krahn with a rebound.
11:07 of 3rd period - Slapshot by Matt Carle.
11:07 of 3rd period - Shot Hit the Post.
11:09 of 3rd period - Snap shot by Robert Dome.
11:09 of 3rd period - Deflect By Yan Stastny.
11:09 of 3rd period - Shot Blocked by Jaime Sifers.
11:09 of 3rd period - Puck is out of play.
11:10 of 3rd period - Jamie Lundmark wins face-off versus Ryan Carter in Influenza zone.
11:11 of 3rd period - Snap shot by Josh Green.
11:11 of 3rd period - Deflect By Justin Abdelkader.
11:11 of 3rd period - Stopped by Brent Krahn with a rebound.
11:35 of 3rd period - Jamie McBain is hit by Devin Setoguchi and loses puck.
11:44 of 3rd period - Slapshot by Matt Carle.
11:44 of 3rd period - Stopped by Brent Krahn with a rebound.
12:23 of 3rd period - Slapshot by Sheldon Souray.
12:23 of 3rd period - Shot Misses the Net.
12:35 of 3rd period - Rob Schremp is hit by Robert Dome and loses puck.
12:40 of 3rd period - Wrist shot by Robert Dome.
12:40 of 3rd period - Stopped by Brent Krahn without a rebound.
12:41 of 3rd period - Ryan Carter wins face-off versus Jamie Lundmark in Influenza zone.
13:28 of 3rd period - Minor Penalty to Rob Schremp for Slashing.
13:29 of 3rd period - Jamie Lundmark wins face-off versus Cody McCormick in Influenza zone.
13:42 of 3rd period - Snap shot by Alexandre Daigle.
13:42 of 3rd period - Deflect By Josh Green.
13:42 of 3rd period - Shot Misses the Net.
13:42 of 3rd period - Puck is out of play.
13:43 of 3rd period - Cody McCormick wins face-off versus Jamie Lundmark in Influenza zone.
13:52 of 3rd period - Wrist shot by Alexandre Daigle.
13:52 of 3rd period - Shot Misses the Net.
13:54 of 3rd period - Snap shot by Sheldon Souray.
13:54 of 3rd period - Goal by Sheldon Souray - Staline : 6 - Influenza : 3.
13:55 of 3rd period - Jamie Lundmark wins face-off versus Ryan Carter in neutral zone.
14:04 of 3rd period - Snap shot by Jamie Lundmark.
14:04 of 3rd period - Deflect By Blake Comeau.
14:04 of 3rd period - Stopped by Brent Krahn with a rebound.
15:43 of 3rd period - Wrist shot by Martins Karsums.
15:43 of 3rd period - Stopped by Erik Ersberg without a rebound.
15:44 of 3rd period - Robbie Earl wins face-off versus Josh Green in Staline zone.
16:16 of 3rd period - Devin Setoguchi is hit by Tim Gleason and loses puck.
16:29 of 3rd period - Snap shot by Juraj Mikus.
16:29 of 3rd period - Shot Blocked by Yan Stastny.
16:31 of 3rd period - Slapshot by Juraj Mikus.
16:31 of 3rd period - Shot Blocked by Mark Stuart.
16:33 of 3rd period - Slapshot by Alexander Sulzer.
16:33 of 3rd period - Stopped by Erik Ersberg without a rebound.
16:34 of 3rd period - Juraj Mikus wins face-off versus Jamie Lundmark in Staline zone.
16:41 of 3rd period - Jamie McBain is hit by Josh Green and loses puck.
16:50 of 3rd period - Slapshot by Matt Carle.
16:50 of 3rd period - Stopped by Brent Krahn with a rebound.
17:00 of 3rd period - Juraj Mikus is hit by Matt Carle and loses puck.
18:01 of 3rd period - Minor Penalty to Cam Janssen for Hooking.
18:02 of 3rd period - Rob Schremp wins face-off versus Jamie Lundmark in Staline zone.
Output by the SimonT Hockey Simulator (STHS) for François Prévost -- Original Page W3C XHTML 1.0 Valid